 Dungeon Crawl Stone Soup version 0.30-a0-439-g9e77e4d916 (webtiles) character file.

Game seed: 10700683797803152290

2051 cforsyth the Chopper (level 9, -9/118 HPs)
             Began as a Minotaur Berserker on Dec 10, 2022.
             Was a Priest of Trog.
             Mangled by Erica
             ... wielding a +2 scimitar of flaming
              (16 damage)
             ... on level 8 of the Dungeon.
             The game lasted 00:09:01 (6421 turns).

cforsyth the Chopper (Minotaur Berserker)           Turns: 6421, Time: 00:09:02

Health: -9/118     AC:  4    Str: 26    XL:     9   Next: 4%
Magic:  8/8        EV: 17    Int:  4    God:    Trog [***...]
Gold:   390        SH:  4    Dex: 10    Spells: 8/8 levels left

rFire   + . .      SeeInvis .    e - +1 war axe
rCold   . . .      Faith    .    d - +0 buckler
rNeg    . . .      Spirit   .    b - +0 animal skin
rPois   .          Reflect  .    (helmet restricted)
rElec   .          Harm     .    o - +1 cloak
rCorr   .          Rampage  .    (no gloves)
Will    .....                    (no boots)
Stlth   ..........               (no amulet)
HPRegen 0.39/turn                h - ring of protection from fire
MPRegen 0.11/turn                m - +4 ring of evasion

@: berserking, slowed
A: horns 2, retaliatory headbutt
a: Renounce Religion, Berserk, Trog's Hand


You were on level 8 of the Dungeon.
You worshipped Trog.
Trog was most pleased with you.
You visited 1 branch of the dungeon, and saw 8 of its levels.

You collected 390 gold pieces.

Inventory:

Hand Weapons
 a - a +0 hand axe
 e - a +1 war axe (weapon)
Armour
 b - a +0 animal skin (worn)
 d - a +0 buckler (worn)
 o - a +1 cloak (worn)
Jewellery
 h - a ring of protection from fire (left hand)
 m - a +4 ring of evasion (right hand)
Wands
 x - a wand of paralysis (7)
Scrolls
 i - 3 scrolls of enchant weapon
 k - 2 scrolls of blinking
 n - a scroll of teleportation
 s - a scroll of enchant armour
 t - a scroll of identify
Potions
 c - a potion of resistance
 f - 3 potions of might {unknown}
 g - 5 potions of mutation
 l - 2 potions of lignification
 p - 3 potions of degeneration
 q - a potion of flight
 r - a potion of cancellation
 u - 2 potions of invisibility
 v - 3 potions of curing
 w - a potion of magic {unknown}


   Skills:
 + Level 7.5 Fighting
 + Level 7.5 Axes
 + Level 7.0 Armour
 + Level 6.4 Dodging
 + Level 4.7 Shields


You had 8 spell levels left.
You didn't know any spells.
Your spell library was empty.

Dungeon Overview and Level Annotations

Branches:
Dungeon (8/15)             Temple (0/1) D:4
   Lair: D:8-11

Altars:
Fedhas
Vehumet
Yredelemnul
Zin

Shops:
D:2 (

Annotations:
D:8 Erica


Innate Abilities, Weirdness & Mutations

You have a pair of horns on your head.
You reflexively headbutt those who attack you in melee.


Message History

You miss something. You block something's attack.
You hear some strange, mumbled words.
A bolt of poison appears from out of thin air!
The bolt of poison hits you!!
You are poisoned.
You miss something.
You feel very sick. Something hits you.
You hear some strange, mumbled words.
You are confused.
You feel sick.
Okay, then.
You feel better.
You hear some strange, mumbled words.
A bolt of poison appears from out of thin air!
The bolt of poison hits you!!
You are poisoned.
* * * LOW HITPOINT WARNING * * *
You hear some strange, mumbled words.
You are confused.
You hear a shout!
Unknown command.
You feel much better.
You feel very sick.
You hear a shout! x3; You hear some strange, mumbled words.
Something tries to affect you, but you resist.
You feel better. Something hits you! x2
* * * LOW HITPOINT WARNING * * *
Something burns you.
* * * LOW HITPOINT WARNING * * *
A red film seems to cover your vision as you go berserk!
You feel yourself moving faster!
You feel mighty! Something hits you.
* * * LOW HITPOINT WARNING * * *
You completely miss something. Something hits you.
* * * LOW HITPOINT WARNING * * *
You slash something! Something hits you!
* * * LOW HITPOINT WARNING * * *
You completely miss something. You block something's attack.
Something hits you!
You die...

..... #....
#...# #...#
#...####
........
##>######...#
+.....<@{...+
#...#####...#
#. #.......#
.....####.#
..!. ... ...
### #. .


There were no monsters in sight!

Vanquished Creatures
  Prince Ribbit (D:5)
  A steam dragon (D:7)
  An ice beast (D:7)
  A black bear (D:5)
  2 centaurs (D:6)
  An ogre (D:7)
  2 kobold brigands
  A gnoll sergeant (D:6)
  2 bullfrogs (D:7)
  2 scorpions
  A water moccasin zombie (D:5)
  A bullfrog zombie (D:5)
  A centaur zombie (D:5)
  3 hounds
  4 jellies (D:5)
  4 orc priests (D:7)
  A gnoll bouda (D:7)
  2 iguanas
  An orc wizard (D:7)
  A scorpion zombie (D:5)
  A killer bee zombie (D:5)
  A hound zombie (D:5)
  7 adders
  7 gnolls
  2 shadow imps
  2 white imps
  2 ufetubi
  A worm (D:2)
  A dart slug (D:1)
  15 orcs
  3 endoplasms
  3 giant cockroaches
  4 goblins
  6 hobgoblins
  7 jackals (D:1)
  4 quokkas
  7 ball pythons
  9 bats
  3 frilled lizards
  14 kobolds
  4 rats
136 creatures vanquished.

Notes
Turn   | Place    | Note
-------+----------+-------------------------------------------
     0 | D:1      | cforsyth the Minotaur Berserker began the quest for the
                  | Orb.
     0 | D:1      | Reached XP level 1. HP: 19/19 MP: 0/0
   169 | D:1      | Reached XP level 2. HP: 27/27 MP: 1/1
   524 | D:1      | Found a faded altar of an unknown god.
   526 | D:1      | Reached ** piety under Trog
   579 | D:1      | Reached XP level 3. HP: 30/33 MP: 2/2
   994 | D:2      | Found Ykiar's Antique Weapon Boutique.
  1118 | D:2      | Reached XP level 4. HP: 36/41 MP: 3/3
  2242 | D:4      | Reached XP level 5. HP: 47/47 MP: 4/4
  2289 | D:4      | Found a radiant altar of Vehumet.
  2337 | D:4      | Found a staircase to the Ecumenical Temple.
  2367 | D:4      | Found a blossoming altar of Fedhas.
  2587 | D:5      | Entered Level 5 of the Dungeon
  2765 | D:5      | Noticed a black bear
  2775 | D:5      | Killed a black bear
  2776 | D:5      | Reached skill level 5 in Fighting
  2776 | D:5      | Reached skill level 5 in Axes
  2812 | D:5      | Reached XP level 6. HP: 29/56 MP: 5/5
  3382 | D:5      | Reached skill level 5 in Armour
  3382 | D:5      | Reached XP level 7. HP: 46/62 MP: 6/6
  3439 | D:5      | Found a basalt altar of Yredelemnul.
  3444 | D:5      | Reached skill level 1 in Shields
  3449 | D:5      | Reached *** piety under Trog
  3664 | D:5      | Noticed Prince Ribbit
  3690 | D:5      | Killed Prince Ribbit
  3691 | D:5      | Reached skill level 5 in Dodging
  4164 | D:6      | Reached XP level 8. HP: 53/71 MP: 7/7
  5984 | D:7      | Found a glowing silver altar of Zin.
  6109 | D:7      | Reached XP level 9. HP: 62/79 MP: 8/8
  6396 | D:8      | Noticed Erica
  6421 | D:8      | Mangled by Erica

Illustrated notes

Levels and vault maps discovered:
D:1:      tarquinn_simple_flora_water_e, layout_basic,
          hellmonk_ecumenical_altar_leap_of_faith,
          hangedman_abyss_or_decor_stabs
D:2:      layout_basic, serial_shops, nicolae_diamond_shop
D:3:      layout_loops_ring
D:4:      layout_rooms, mainiacjoe_overflow_alcove_4, lemuel_round_altar,
          minmay_temple_entry_enclosed_plants
D:5:      layout_rooms, nicolae_yredelemnul_corpse_copse, serial_rivers,
          chequers_serial_rivers_micro_a, chequers_serial_rivers_marsh,
          chequers_serial_rivers_small_3, chequers_serial_rivers_micro_e,
          chequers_serial_rivers_micro_a, uniq_prince_ribbit1
D:6:      layout_layer_cave
D:7:      layout_rooms, kennysheep_mini_moat
D:8:      layout_basic, chequers_temple_overflow_statue_of_worship,
          uniq_gastronok, uniq_grum, uniq_erica, uniq_psyche

Skill      XL: |  1  2  3  4  5  6  7  8 |
---------------+-------------------------+-----
Fighting       | 4 5 6 7 |  7.5
Axes           | 4 5 6 7 |  7.5
Armour         | 3 4 5 7 |  7.0
Dodging        | 3 4 5 6 |  6.4
Shields        | 2 4 |  4.7

Action                   |  1- 3 |  4- 6 |  7- 9 || total
-------------------------+-------+-------+-------++-------
Melee: Hand axe          |     8 |       |       ||     8
       War axe           |    69 |    80 |   136 ||   285
       Headbutt          |     3 |    15 |    25 ||    43
       Punch             |       |     1 |       ||     1
Invok: Berserk           |       |     3 |     6 ||     9
       Trog's Hand       |       |       |     1 ||     1
  Use: Scroll            |       |    17 |     3 ||    20
       Potion            |       |       |     3 ||     3
 Stab: Sleeping          |       |     2 |       ||     2
Armor: Animal skin       |    18 |    16 |    26 ||    60
Dodge: Dodged            |    45 |    64 |    94 ||   203
Block: Buckler           |       |     1 |    31 ||    32

Table legend: (Time is in decaauts)
 A = Elapsed time spent in this place.
 B = Non-inter-level travel time spent in this place.
 C = Inter-level travel time spent in this place.
 D = Time resting spent in this place.
 E = Time spent auto-exploring this place.
 F = Levels seen in this place.
 G = Mean time per level.
                   A        B        C        D        E       F      G
               +--------+--------+--------+--------+--------+-----+--------+
         Total |   6580 |   6399 |    181 |    592 |   4916 |   8 |  822.5 |
       Dungeon |   6580 |   6399 |    181 |    592 |   4916 |   8 |  822.5 |
               +--------+--------+--------+--------+--------+-----+--------+

Top non-repeatable levels by time:
     D:6: 1793 daAuts
     D:5: 1360 daAuts
     D:1: 869 daAuts
     D:4: 757 daAuts
     D:7: 626 daAuts
     D:3: 579 daAuts
     D:2: 556 daAuts
     D:8: 36 daAuts
